 Dungeon Crawl Stone Soup version 0.21-a0-528-gf531e82 (webtiles) character file.

9464 mopl the Ducker (level 11, -8/83 HPs)
             Began as a Gnoll Wanderer on Dec 8, 2017.
             Was an Initiate of Ru.
             Mangled by an orc warlord
             ... wielding a +0 halberd
              (25 damage)
             ... on level 10 of the Dungeon.
             The game lasted 00:28:47 (11922 turns).

mopl the Ducker (Gnoll Wanderer)                   Turns: 11922, Time: 00:28:48

Health: -8/83      AC: 14    Str: 22    XL:     11   Next: 46%
Magic:  15/21      EV: 14    Int: 18    God:    Ru [......]
Gold:   628        SH:  0    Dex: 15    Spells: 4/23 levels left

rFire    . . .     SeeInvis .   a - +3 trident of Defence {freeze, rC+ rN+}
rCold    + . .     Gourm    .   (no shield)
rNeg     + . .     Faith    +   J - +0 scale mail
rPois    .         Spirit   .   F - +0 helmet {Int+3}
rElec    .         Reflect  .   (no cloak)
rCorr    .         Harm     .   w - +1 pair of gloves
MR       .....                  z - +2 pair of boots
Stlth    ++........             n - amulet of faith {!P}
HPRegen  0.23/turn              d - ring of wizardry
MPRegen  0.17/turn              e - +5 ring of strength

@: drained
A: distributed training, fangs 1, strong nose
a: Renounce Religion


You were on level 10 of the Dungeon.
You worshipped Ru.
Ru was noncommittal.
You were not hungry.

You visited 4 branches of the dungeon, and saw 13 of its levels.

You collected 1105 gold pieces.
You spent 477 gold pieces at shops.

Inventory:

Hand Weapons
 a - the +3 trident of Defence (weapon) {freeze, rC+ rN+}
   (You found it on level 7 of the Dungeon)

   It has been specially enchanted to freeze those struck by it, causing extra
   injury to most foes and up to half again as much damage against particularly
   susceptible opponents.
   It can also slow down cold-blooded creatures.
   It protects you from cold.
   It protects you from negative energy.
 i - a +0 hunting sling
 l - a +0 shortbow
 L - a +0 battleaxe of freezing
 Q - a +0 blowgun
 V - a +2 dagger of venom
Missiles
 j - 284 stones (quivered)
 m - 156 arrows
 r - 40 bolts
 t - 8 steel javelins
 u - 176 sling bullets
 E - 4 needles of paralysis
 M - 11 tomahawks
 P - 64 poisoned needles
 R - 6 javelins
 S - 2 exploding tomahawks
 X - 2 throwing nets
Armour
 s - a +10 plate armour of ponderousness
 w - a +1 pair of gloves (worn)
 z - a +2 pair of boots (worn)
 F - a +0 helmet of intelligence (worn)
 I - the +1 chain mail of Hadjma {rF+ MR- rCorr Dex+7}
   (You found it on level 4 of the Dungeon)

   It affects your dexterity (+7).
   It protects you from fire.
   It affects your resistance to hostile enchantments.
   It protects you from acid and corrosion.
 J - a +0 scale mail (worn)
Magical Staves
 b - an uncursed staff of conjuration {!a}
Jewellery
 c - an uncursed ring of protection from cold
 d - a ring of wizardry (left hand)
 e - a +5 ring of strength (right hand)
 n - an amulet of faith (around neck) {!P}
 O - an uncursed ring of see invisible
 Y - a +4 amulet of reflection
Wands
 y - a wand of random effects (38)
 B - a wand of iceblast (7)
 K - a wand of flame (53)
Scrolls
 g - 4 scrolls of remove curse
 k - 4 scrolls of enchant weapon {unknown}
 o - 2 scrolls of teleportation
 p - 2 scrolls of fog {unknown}
 D - 2 scrolls of magic mapping {unknown}
 G - 3 scrolls of fear {unknown}
 N - 5 scrolls of identify
 U - 2 scrolls of blinking {unknown}
 Z - a scroll of amnesia {unknown}
Potions
 h - 4 potions of heal wounds
 q - 2 potions of haste
 x - 2 potions of magic
 A - 2 potions of ambrosia
 C - a potion of curing
 H - a potion of agility
 T - a potion of might
Books
 v - a book of Maledictions

   Spells                             Type                      Level
   a - Corona                         Hexes                        1
   b - Ensorcelled Hibernation        Hexes/Ice                    2
   c - Confuse                        Hexes                        3
   d - Tukima's Dance                 Hexes                        3
   e - Dazzling Spray                 Conjuration/Hexes            3
Comestibles
 f - 10 bread rations


   Skills:
 + Level 6.8(6.4) Fighting
 + Level 6.2(5.8) Short Blades
 + Level 6.2(5.8) Long Blades
 + Level 6.2(5.8) Axes
 + Level 6.2(5.8) Maces & Flails
 + Level 7.8(7.4) Polearms
 + Level 6.2(5.8) Staves
 + Level 6.2(5.8) Slings
 + Level 6.2(5.8) Bows
 + Level 6.2(5.8) Crossbows
 + Level 6.8(6.4) Throwing
 + Level 6.2(5.8) Armour
 + Level 7.8(7.4) Dodging
 + Level 6.7(6.3) Stealth
 + Level 6.2(5.8) Shields
 + Level 6.2(5.8) Unarmed Combat
 + Level 6.9(6.5) Spellcasting
 + Level 6.5(6.1) Conjurations
 + Level 5.1(4.8) Hexes
 + Level 5.1(4.8) Charms
 + Level 5.1(4.8) Summonings
 + Level 5.1(4.8) Necromancy
 + Level 5.1(4.8) Translocations
 + Level 5.1(4.8) Transmutations
 + Level 5.1(4.8) Fire Magic
 + Level 5.1(4.8) Ice Magic
 + Level 5.1(4.8) Air Magic
 + Level 5.1(4.8) Earth Magic
 + Level 5.1(4.8) Poison Magic
 + Level 6.8(6.4) Invocations
 + Level 6.2(5.8) Evocations


You had 4 spell levels left.
You knew the following spells:

 Your Spells              Type           Power        Failure   Level  Hunger
a - Shock                 Conj/Air       ####         1%          1    None
b - Static Discharge      Conj/Air       ####....     3%          3    ##.....
c - Conjure Flame         Conj/Fire      ####....     3%          3    ##.....
d - Dazzling Spray        Conj/Hex       ####..       3%          3    ##.....
e - Blink                 Tloc           N/A          2%          2    None
k - Lee's Rapid Deconstr  Erth           ###.......   38%         5    #####..
p - Passwall              Tmut/Erth      ###.......   2%          2    None


Dungeon Overview and Level Annotations

Branches:
Dungeon (10/15)            Temple (1/1) D:5            Lair (1/6) D:9
    Orc (1/2) D:10

Altars:
Ashenzari
Cheibriados
Dithmenos
Elyvilon
Fedhas
Gozag
Hepliaklqana
Kikubaaqudgha
Makhleb
Nemelex Xobeh
Okawaru
Qazlal
Ru
Sif Muna
Trog
Uskayaw
Vehumet
Wu Jian
Xom
Yredelemnul
Zin
The Shining One

Shops:
D:5 %   D:8 !   D:9 !   D:10 [[[*


Innate Abilities, Weirdness & Mutations

Your experience applies equally to all skills.
You have very sharp teeth.
Your uncanny sense of smell can sniff out nearby items.


Message History

Aiming: Random Effects
Press: ? - help, Shift-Dir - straight line, f/p - orc warlord
Aim: an orc warlord, wielding a halberd and wearing a glowing plate armour (flame, moderately wounded)
The orc warlord seems to slow down.
Unknown command.
Evoke which item? (* to show all) (? for menu, Esc to quit)
Aiming: Random Effects
Press: ? - help, Shift-Dir - straight line, f/p - orc warlord
Aim: an orc warlord, wielding a halberd and wearing a glowing plate armour (flame, moderately wounded, slow)
The orc warlord seems to speed up.
The orc warlord hits you from afar with a halberd!!
* * * LOW HITPOINT WARNING * * *
Unknown command.
Unknown command.
The orc warlord is engulfed in blazing flames.
There is an open door here.
Okay, then.
You open the door.
The orc warlord hits you from afar with a halberd!!
You die...

.####.'..........# #............#
.# ###....∩.....###............#
## #..........+......######### #
#..........######)# ##
###'######## #[## .# #.....# #.)#
†## ######'#### ##.## ..#
#.........#######..####### .>#
#......o.@'...............
..######.........########.#######
...[[..#.........# #...#
..####.'.........# ###.# ..#
###.........# #.# ..# ##'########
#.# ### #.# #.## #.## #..# ###
#..# ##.#


You could see an orc warlord.

Vanquished Creatures
  A two-headed ogre (D:10)
  Pikel (D:8)
  An orc knight (D:10)
  Joseph (D:7)
  A centaur zombie (D:10)
  A troll (D:9)
  A hippogriff (D:8)
  6 yaks (D:10)
  2 wyverns (D:8)
  A wraith (D:9)
  2 wargs (Orc:1)
  Duvessa (D:4)
  A water moccasin (D:9)
  2 porcupines (Lair:1)
  10 orc warriors
  Purgy (D:4)
  2 sky beasts
  A black bear (D:8)
  A slave (D:8)
  3 phantoms
  3 ogres
  2 centaurs
  6 bullfrogs
  3 big kobolds
  Dowan (D:4)
  A wyvern skeleton (D:6)
  2 scorpions
  4 wights (D:10)
  A howler monkey (D:10)
  A bullfrog zombie (D:5)
  2 crimson imps (D:6)
  2 quasits
  6 hounds
  9 orc priests
  2 bullfrog skeletons
  2 jellies
  Ijyb (D:4)
  2 centaur skeletons
  4 iguanas
  5 worker ants
  17 orc wizards
  2 killer bee zombies
  2 hound zombies
  A howler monkey zombie (D:5)
  4 gnolls
  11 adders
  A shadow imp (D:8)
  An ooze (D:3)
  An adder skeleton (D:3)
  4 worms
  3 dart slugs
  5 leopard geckos
  41 orcs
  3 ball pythons
  9 bats
  A giant cockroach (D:2)
  15 goblins
  6 hobgoblins
  6 jackals
  3 quokkas
  7 frilled lizards
  18 kobolds
  2 quokka skeletons
  7 rats
269 creatures vanquished.

Vanquished Creatures (others)
  A centaur (D:8)
  A leopard gecko (D:8)
  2 orcs (Orc:1)
4 creatures vanquished.

Grand Total: 273 creatures vanquished

Notes
Turn   | Place    | Note
-------+----------+-------------------------------------------
     0 | D:1      | mopl the Gnoll Wanderer began the quest for the Orb.
     0 | D:1      | mopl set off with: a +2 spear, Sif Muna's Incunabulum of Air, a scroll of teleportation, a +0 robe, a bread ration
     0 | D:1      | Reached XP level 1. HP: 17/17 MP: 4/4
    12 | D:1      | Identified Sif Muna's Incunabulum of Air
    18 | D:1      | Learned a level 1 spell: Shock
   406 | D:1      | Reached XP level 2. HP: 21/23 MP: 5/5
   947 | D:2      | Reached XP level 3. HP: 9/28 MP: 4/7
  1371 | D:2      | Reached skill level 1 in Invocations
  1525 | D:3      | Reached skill level 1 in Short Blades
  1525 | D:3      | Reached skill level 1 in Long Blades
  1525 | D:3      | Reached skill level 1 in Axes
  1525 | D:3      | Reached skill level 1 in Maces & Flails
  1525 | D:3      | Reached skill level 1 in Staves
  1525 | D:3      | Reached skill level 1 in Slings
  1525 | D:3      | Reached skill level 1 in Bows
  1525 | D:3      | Reached skill level 1 in Crossbows
  1525 | D:3      | Reached skill level 1 in Armour
  1525 | D:3      | Reached skill level 1 in Shields
  1525 | D:3      | Reached skill level 1 in Unarmed Combat
  1525 | D:3      | Reached skill level 1 in Evocations
  1525 | D:3      | Reached XP level 4. HP: 34/34 MP: 3/8
  1541 | D:3      | Reached skill level 3 in Spellcasting
  1673 | D:3      | Reached skill level 1 in Hexes
  1673 | D:3      | Reached skill level 1 in Charms
  1673 | D:3      | Reached skill level 1 in Summonings
  1673 | D:3      | Reached skill level 1 in Necromancy
  1673 | D:3      | Reached skill level 1 in Translocations
  1673 | D:3      | Reached skill level 1 in Transmutations
  1673 | D:3      | Reached skill level 1 in Fire Magic
  1673 | D:3      | Reached skill level 1 in Ice Magic
  1673 | D:3      | Reached skill level 1 in Air Magic
  1673 | D:3      | Reached skill level 1 in Earth Magic
  1673 | D:3      | Reached skill level 1 in Poison Magic
  1712 | D:2      | Reached XP level 5. HP: 15/40 MP: 1/9
  2142 | D:2      | Reached skill level 3 in Fighting
  2142 | D:2      | Reached skill level 3 in Throwing
  2288 | D:3      | Found a stormy altar of Qazlal.
  2311 | D:3      | Reached skill level 4 in Conjurations
  2803 | D:4      | Noticed Ijyb
  2822 | D:4      | Killed Ijyb
  2822 | D:4      | Reached skill level 2 in Invocations
  2822 | D:4      | Reached XP level 6. HP: 37/47 MP: 6/10
  2828 | D:4      | Reached skill level 3 in Stealth
  2897 | D:4      | Reached skill level 5 in Polearms
  2897 | D:4      | Reached skill level 5 in Dodging
  2917 | D:4      | Noticed Duvessa
  2952 | D:4      | Killed Duvessa
  2952 | D:4      | Reached skill level 2 in Short Blades
  2952 | D:4      | Reached skill level 2 in Long Blades
  2952 | D:4      | Reached skill level 2 in Axes
  2952 | D:4      | Reached skill level 2 in Maces & Flails
  2952 | D:4      | Reached skill level 2 in Staves
  2952 | D:4      | Reached skill level 2 in Slings
  2952 | D:4      | Reached skill level 2 in Bows
  2952 | D:4      | Reached skill level 2 in Crossbows
  2952 | D:4      | Reached skill level 2 in Armour
  2952 | D:4      | Reached skill level 2 in Shields
  2952 | D:4      | Reached skill level 2 in Unarmed Combat
  2952 | D:4      | Reached skill level 2 in Evocations
  2958 | D:4      | Noticed Dowan
  3158 | D:4      | Killed Dowan
  3158 | D:4      | Reached XP level 7. HP: 45/52 MP: 7/12
  3308 | D:4      | Noticed Purgy
  3329 | D:4      | Killed Purgy
  3329 | D:4      | Reached skill level 2 in Hexes
  3329 | D:4      | Reached skill level 2 in Charms
  3329 | D:4      | Reached skill level 2 in Summonings
  3329 | D:4      | Reached skill level 2 in Necromancy
  3329 | D:4      | Reached skill level 2 in Translocations
  3329 | D:4      | Reached skill level 2 in Transmutations
  3329 | D:4      | Reached skill level 2 in Fire Magic
  3329 | D:4      | Reached skill level 2 in Ice Magic
  3329 | D:4      | Reached skill level 2 in Air Magic
  3329 | D:4      | Reached skill level 2 in Earth Magic
  3329 | D:4      | Reached skill level 2 in Poison Magic
  3725 | D:4      | Learned a level 3 spell: Static Discharge
  3757 | D:4      | Reached skill level 4 in Spellcasting
  3757 | D:4      | Reached skill level 3 in Invocations
  3774 | D:4      | Got a dazzling chain mail
  3785 | D:4      | Identified the cursed +1 chain mail of Hadjma {rF+ MR- rCorr Dex+7} (You found it on level 4 of the Dungeon)
  3941 | D:5      | Entered Level 5 of the Dungeon
  3941 | D:5      | Found a sparkling altar of Nemelex Xobeh.
  3957 | D:5      | Found a hide-covered altar of Uskayaw.
  3959 | D:5      | Found an iron altar of Okawaru.
  3976 | D:5      | Reached XP level 8. HP: 52/60 MP: 14/14
  4307 | D:5      | Reached skill level 4 in Fighting
  4307 | D:5      | Reached skill level 3 in Short Blades
  4307 | D:5      | Reached skill level 3 in Long Blades
  4307 | D:5      | Reached skill level 3 in Axes
  4307 | D:5      | Reached skill level 3 in Maces & Flails
  4307 | D:5      | Reached skill level 3 in Staves
  4307 | D:5      | Reached skill level 3 in Slings
  4307 | D:5      | Reached skill level 3 in Bows
  4307 | D:5      | Reached skill level 3 in Crossbows
  4307 | D:5      | Reached skill level 4 in Throwing
  4307 | D:5      | Reached skill level 3 in Armour
  4307 | D:5      | Reached skill level 3 in Shields
  4307 | D:5      | Reached skill level 3 in Unarmed Combat
  4307 | D:5      | Reached skill level 3 in Evocations
  4465 | D:5      | Found a basalt altar of Yredelemnul.
  4498 | D:5      | Found a staircase to the Ecumenical Temple.
  4526 | Temple   | Entered the Ecumenical Temple
  4628 | Temple   | Became a worshipper of Ru the Awakened
  4653 | D:5      | Found a sacrificial altar of Ru.
  4795 | D:5      | Found a burning altar of Makhleb.
  4808 | D:5      | Reached skill level 4 in Stealth
  4829 | D:5      | Found Gaak's Food Emporium.
  5087 | D:6      | Found a shadowy altar of Dithmenos.
  5163 | D:6      | Found a blossoming altar of Fedhas.
  5188 | D:6      | Found an ornate altar of the Wu Jian Council.
  5204 | D:6      | Learned a level 2 spell: Blink
  5361 | D:6      | Reached skill level 3 in Hexes
  5361 | D:6      | Reached skill level 3 in Charms
  5361 | D:6      | Reached skill level 3 in Summonings
  5361 | D:6      | Reached skill level 3 in Necromancy
  5361 | D:6      | Reached skill level 3 in Translocations
  5361 | D:6      | Reached skill level 3 in Transmutations
  5361 | D:6      | Reached skill level 3 in Fire Magic
  5361 | D:6      | Reached skill level 3 in Ice Magic
  5361 | D:6      | Reached skill level 3 in Air Magic
  5361 | D:6      | Reached skill level 3 in Earth Magic
  5361 | D:6      | Reached skill level 3 in Poison Magic
  5361 | D:6      | Reached skill level 4 in Invocations
  5590 | D:6      | Reached XP level 9. HP: 44/66 MP: 3/16
  5758 | D:6      | Reached skill level 6 in Polearms
  5758 | D:6      | Reached skill level 6 in Dodging
  6071 | D:7      | Found a white marble altar of Elyvilon.
  6082 | D:7      | Reached skill level 5 in Conjurations
  6492 | D:7      | Reached skill level 4 in Short Blades
  6492 | D:7      | Reached skill level 4 in Long Blades
  6492 | D:7      | Reached skill level 4 in Axes
  6492 | D:7      | Reached skill level 4 in Maces & Flails
  6492 | D:7      | Reached skill level 4 in Staves
  6492 | D:7      | Reached skill level 4 in Slings
  6492 | D:7      | Reached skill level 4 in Bows
  6492 | D:7      | Reached skill level 4 in Crossbows
  6492 | D:7      | Reached skill level 4 in Armour
  6492 | D:7      | Reached skill level 4 in Shields
  6492 | D:7      | Reached skill level 4 in Unarmed Combat
  6492 | D:7      | Reached skill level 4 in Evocations
  6502 | D:7      | Reached skill level 5 in Spellcasting
  6672 | D:7      | Got a faintly glowing trident
  6673 | D:7      | Identified the +3 trident of Defence {freeze, rC+ rN+} (You found it on level 7 of the Dungeon)
  6872 | D:7      | Noticed Joseph
  6897 | D:7      | Killed Joseph
  6897 | D:7      | Reached skill level 5 in Fighting
  6897 | D:7      | Reached skill level 5 in Throwing
  7251 | D:8      | Reached skill level 5 in Stealth
  7441 | D:8      | Found Teni's Distillery.
  7447 | D:8      | Bought a potion of ambrosia for 120 gold pieces
  7447 | D:8      | Bought a potion of agility for 60 gold pieces
  7447 | D:8      | Bought a potion of haste for 150 gold pieces
  7447 | D:8      | Bought a potion of heal wounds for 75 gold pieces
  7467 | D:8      | Reached skill level 5 in Invocations
  7739 | D:8      | Learned a level 2 spell: Passwall
  7745 | D:8      | Learned a level 5 spell: Lee's Rapid Deconstruction
  7752 | D:8      | Learned a level 3 spell: Conjure Flame
  7885 | D:8      | Noticed Pikel
  7886 | D:8      | Found a shattered altar of Ashenzari.
  7916 | D:8      | Killed Pikel
  7916 | D:8      | Reached skill level 4 in Hexes
  7916 | D:8      | Reached skill level 4 in Charms
  7916 | D:8      | Reached skill level 4 in Summonings
  7916 | D:8      | Reached skill level 4 in Necromancy
  7916 | D:8      | Reached skill level 4 in Translocations
  7916 | D:8      | Reached skill level 4 in Transmutations
  7916 | D:8      | Reached skill level 4 in Fire Magic
  7916 | D:8      | Reached skill level 4 in Ice Magic
  7916 | D:8      | Reached skill level 4 in Air Magic
  7916 | D:8      | Reached skill level 4 in Earth Magic
  7916 | D:8      | Reached skill level 4 in Poison Magic
  7916 | D:8      | Reached XP level 10. HP: 67/75 MP: 3/18
  7954 | D:8      | Found an ancient bone altar of Kikubaaqudgha.
  8085 | D:8      | Found a deep blue altar of Sif Muna.
  8156 | D:8      | Reached skill level 5 in Short Blades
  8156 | D:8      | Reached skill level 5 in Long Blades
  8156 | D:8      | Reached skill level 5 in Axes
  8156 | D:8      | Reached skill level 5 in Maces & Flails
  8156 | D:8      | Reached skill level 5 in Staves
  8156 | D:8      | Reached skill level 5 in Slings
  8156 | D:8      | Reached skill level 5 in Bows
  8156 | D:8      | Reached skill level 5 in Crossbows
  8156 | D:8      | Reached skill level 5 in Armour
  8156 | D:8      | Reached skill level 5 in Shields
  8156 | D:8      | Reached skill level 5 in Unarmed Combat
  8156 | D:8      | Reached skill level 5 in Evocations
  8183 | D:8      | Found a burning altar of Makhleb.
  8634 | D:9      | Found Torixas's Distillery.
  8661 | D:9      | Reached skill level 7 in Polearms
  8661 | D:9      | Reached skill level 7 in Dodging
  8665 | D:9      | Found a snail-covered altar of Cheibriados.
  8808 | D:9      | Found a staircase to the Lair.
  8870 | D:9      | Reached skill level 6 in Spellcasting
  8876 | D:9      | Found a hazy altar of Hepliaklqana.
  9082 | D:9      | Reached skill level 6 in Fighting
  9082 | D:9      | Reached skill level 6 in Throwing
  9170 | Lair:1   | Entered Level 1 of the Lair of Beasts
  9210 | D:10     | Entered Level 10 of the Dungeon
  9214 | D:10     | Reached skill level 6 in Stealth
  9244 | D:10     | Found Reacvys's Armour Shoppe.
  9244 | D:10     | Found a staircase to the Orcish Mines.
  9262 | D:10     | Reached skill level 6 in Conjurations
  9262 | D:10     | Reached skill level 6 in Invocations
  9304 | D:10     | Noticed a two-headed ogre
  9316 | D:10     | Killed a two-headed ogre
  9396 | D:10     | Reached XP level 11. HP: 78/82 MP: 20/20
  9424 | D:10     | Found Ynlery's General Store.
  9445 | D:10     | Bought a scroll of random uselessness for 12 gold pieces
  9445 | D:10     | Bought a scroll of teleportation for 36 gold pieces
  9445 | D:10     | Bought a scroll of identify for 24 gold pieces
  9488 | D:10     | Found Haogah's Antique Armour Shop.
  9556 | D:10     | Learned a level 3 spell: Dazzling Spray
  9659 | D:10     | Reached skill level 6 in Short Blades
  9659 | D:10     | Reached skill level 6 in Long Blades
  9659 | D:10     | Reached skill level 6 in Axes
  9659 | D:10     | Reached skill level 6 in Maces & Flails
  9659 | D:10     | Reached skill level 6 in Staves
  9659 | D:10     | Reached skill level 6 in Slings
  9659 | D:10     | Reached skill level 6 in Bows
  9659 | D:10     | Reached skill level 6 in Crossbows
  9659 | D:10     | Reached skill level 6 in Armour
  9659 | D:10     | Reached skill level 6 in Shields
  9659 | D:10     | Reached skill level 6 in Unarmed Combat
  9659 | D:10     | Reached skill level 6 in Evocations
  9859 | D:10     | Found Poumad's Antique Armour Boutique.
  9954 | Orc:1    | Entered Level 1 of the Orcish Mines
  9954 | Orc:1    | Noticed an orc knight
 10221 | D:10     | Killed an orc knight
 10221 | D:10     | Reached skill level 5 in Hexes
 10221 | D:10     | Reached skill level 5 in Charms
 10221 | D:10     | Reached skill level 5 in Summonings
 10221 | D:10     | Reached skill level 5 in Necromancy
 10221 | D:10     | Reached skill level 5 in Translocations
 10221 | D:10     | Reached skill level 5 in Transmutations
 10221 | D:10     | Reached skill level 5 in Fire Magic
 10221 | D:10     | Reached skill level 5 in Ice Magic
 10221 | D:10     | Reached skill level 5 in Air Magic
 10221 | D:10     | Reached skill level 5 in Earth Magic
 10221 | D:10     | Reached skill level 5 in Poison Magic
 10827 | Orc:1    | Noticed an orc warlord
 11922 | D:10     | Mangled by an orc warlord

Vault maps used:
D:1:      dpeg_arrival_rooms_a
D:2:      serial_park_tiny_pond, minmay_split_cup_large
D:3:      overflow_temple_1_default, first_bread, minmay_misc_feat_square
D:4:      minmay_goblin_outpost, uniq_ijyb, uniq_purgy, uniq_duvessa
D:5:      lemuel_crystal_altar, nemelex_xobeh_ov_fountains_minmay,
          chequers_temple_overflow_statue_of_worship,
          minmay_temple_entry_large_hall, serial_shops, nicolae_shop_stone,
          basic_altar, makhleb_heckhound_becter
D:6:      grunt_temple_overflow_open, basic_altar
D:7:      elyvilon_altar_1, serial_bayou_pond_e, uniq_joseph
D:8:      ashenzari_conservatory_becter, lemuel_blue_sif_altar,
          kennysheep_little_box, basic_altar, serial_shops, nicolae_shop_stone,
          uniq_pikel
D:9:      cheibriados_altar_1, marbit_many_paths, dpeg_oklobed_lair,
          serial_shops, kennysheep_mini
D:10:     orc_david_3, serial_shops, shop, shop, shop
Temple:   nicolae_temple_figure_zero
Lair:1:   grunt_megastairs_4, uniq_fannar

Skill      XL: |  1  2  3  4  5  6  7  8  9 10 11 |
---------------+----------------------------------+-----
Invocations    | 1 2 3 4 5 6 |  6.8
Short Blades   | 1 2 3 4 5 6 |  6.2
Long Blades    | 1 2 3 4 5 6 |  6.2
Axes           | 1 2 3 4 5 6 |  6.2
Maces & Flails | 1 2 3 4 5 6 |  6.2
Staves         | 1 2 3 4 5 6 |  6.2
Slings         | 1 2 3 4 5 6 |  6.2
Bows           | 1 2 3 4 5 6 |  6.2
Crossbows      | 1 2 3 4 5 6 |  6.2
Armour         | 1 2 3 4 5 6 |  6.2
Shields        | 1 2 3 4 5 6 |  6.2
Unarmed Combat | 1 2 3 4 5 6 |  6.2
Evocations     | 1 2 3 4 5 6 |  6.2
Spellcasting   | 3 4 5 6 |  6.9
Hexes          | 1 2 3 4 5 |  5.1
Charms         | 1 2 3 4 5 |  5.1
Summonings     | 1 2 3 4 5 |  5.1
Necromancy     | 1 2 3 4 5 |  5.1
Translocations | 1 2 3 4 5 |  5.1
Transmutations | 1 2 3 4 5 |  5.1
Fire Magic     | 1 2 3 4 5 |  5.1
Ice Magic      | 1 2 3 4 5 |  5.1
Air Magic      | 1 2 3 4 5 |  5.1
Earth Magic    | 1 2 3 4 5 |  5.1
Poison Magic   | 1 2 3 4 5 |  5.1
Fighting       | 3 4 5 6 |  6.8
Throwing       | 3 4 5 6 |  6.8
Conjurations   | 4 5 6 |  6.5
Stealth        | 3 4 5 6 |  6.7
Polearms       | 5 6 7 |  7.8
Dodging        | 5 6 7 |  7.8

Action                   |  1- 3 |  4- 6 |  7- 9 | 10-12 || total
-------------------------+-------+-------+-------+-------++-------
Melee: Spear             |    77 |   138 |   321 |       ||   536
       Bite              |     7 |    17 |    50 |    54 ||   128
       Punch             |       |     2 |     7 |    17 ||    26
       Trident           |       |       |    85 |   371 ||   456
       Dagger            |       |       |    18 |       ||    18
 Fire: Shortbow          |       |       |     6 |     4 ||    10
       Blowgun           |       |       |       |     4 ||     4
Throw: Stone             |       |     1 |     3 |       ||     4
 Cast: Shock             |     6 |    35 |    82 |    24 ||   147
       Static Discharge  |       |       |    17 |     8 ||    25
       Conjure Flame     |       |       |       |    11 ||    11
       Blink             |       |       |       |     5 ||     5
Invok: Reject Sacrifices |       |       |     1 |       ||     1
Evoke: Wand              |       |       |     4 |     5 ||     9
  Use: Scroll            |       |     4 |     6 |       ||    10
       Potion            |       |     1 |     1 |       ||     2
 Stab: Sleeping          |     4 |     4 |     1 |     4 ||    13
       Distracted        |       |     1 |       |       ||     1
       Paralysed         |       |       |       |     3 ||     3
  Eat: Chunk             |     2 |     5 |    16 |    15 ||    38
Armor: Leather armour    |     8 |     8 |       |       ||    16
       Ring mail         |       |    14 |    38 |       ||    52
       Scale mail        |       |       |   108 |   107 ||   215
       Skin              |       |       |     7 |       ||     7
Dodge: Dodged            |    42 |    69 |   251 |   217 ||   579
Block: Other             |       |       |    27 |    18 ||    45

Table legend:
 A = Spawn XP
 B = Non-spawn XP
 C = Spawn XP percentage of total XP
 D = Spawn monster count
 E = Non-spawn monster count
 F = Spawn count percentage of total count
 G = Total turns spent on level
                    A         B        C        D         E        F      G
               +---------+---------+-------+---------+---------+-------+---------
         Total |       0 |   13520 |   0.0 |       0 |     269 |   0.0 | 11922
               +---------+---------+-------+---------+---------+-------+---------
           D:1 |       0 |      21 |   0.0 |       0 |      12 |   0.0 |   772
           D:2 |       0 |      92 |   0.0 |       0 |      22 |   0.0 |  1101
           D:3 |       0 |     160 |   0.0 |       0 |      26 |   0.0 |  1080
           D:4 |       0 |     906 |   0.0 |       0 |      33 |   0.0 |  1195
           D:5 |       0 |     466 |   0.0 |       0 |      22 |   0.0 |  1015
           D:6 |       0 |     823 |   0.0 |       0 |      25 |   0.0 |   781
           D:7 |       0 |     992 |   0.0 |       0 |      16 |   0.0 |  1178
           D:8 |       0 |    2585 |   0.0 |       0 |      21 |   0.0 |  1213
           D:9 |       0 |    1225 |   0.0 |       0 |      17 |   0.0 |   731
          D:10 |       0 |    4587 |   0.0 |       0 |      49 |   0.0 |  1990
        Lair:1 |       0 |     450 |   0.0 |       0 |       4 |   0.0 |    30
         Orc:1 |       0 |    1213 |   0.0 |       0 |      22 |   0.0 |   722
               +---------+---------+-------+---------+---------+-------+---------
